 Seeded DCSS version 0.31-a0-564-g3b7de120b3 (webtiles) character file.

Game seed: 16161720884980326079 (custom seed)

11 innerfire43 the Changeling (level 2, 15/15 HPs)
             Began as a Djinni Shapeshifter on Aug 17, 2023.
             Was a Follower of Trog.
             Got out of the dungeon alive.
             The game lasted 00:00:58 (583 turns).

innerfire43 the Changeling (Djinni Shapeshifter)     Turns: 583, Time: 00:00:59

Health: 15/15      AC:  2    Str: 14    XL:     2   Next: 40%
Gold:   35         EV: 12    Int:  9    God:    Trog [*.....] SH:  0 Dex: 13

rFire   + +          .
                       - Unarmed
rCold   x . .        (shield currently unavailable)
rNeg    . . .        a - +0 animal skin
rPois   ∞            (no helmet)
rElec   .            (no cloak)
rCorr   .            (no gloves)
SInv    .            (boots unavailable)
Will    .....        (no amulet)
Stlth   +            (no ring)
HPRegen 0.22/turn    (no ring)
MPRegen 0.00/turn

%: no passive effects
@: flux-form, flying, glowing
A: glow, contaminating, flying, reduced hp, sickness immunity, fire resistance
2, cold vulnerability 1, float, innate caster, HP casting, extra vitality 1
a: Begin Untransformation, Renounce Religion, Berserk


You escaped.
You worshipped Trog.
Trog was aware of your devotion.
You were something dangerously unstable.
You visited 1 branch of the dungeon, and saw 1 of its levels.

You collected 35 gold pieces.

Inventory:

Armour
 a - a +0 animal skin (worn)
Jewellery
 j - an amulet of faith
Talismans
 c - a beast talisman
 d - a flux talisman (active)
Scrolls
 e - a scroll of brand weapon {unknown}
 g - 2 scrolls of silence {unknown}
Potions
 b - a potion of lignification
 f - a potion of heal wounds {unknown}
 h - a potion of haste {unknown}
 i - a potion of ambrosia {unknown}


   Skills:
 - Level 1.0 Fighting
 - Level 2.1 Dodging
 - Level 3.0 Unarmed Combat
 + Level 3.1 Shapeshifting You didn't know any spells. Your spell library was empty.

Dungeon Overview and Level Annotations

Branches:
Dungeon (1/15)

Altars:
Trog


Innate Abilities, Weirdness & Mutations

You are something dangerously unstable.
You glow with magical radiation, making you easy to see and hit.
Foes you strike become dangerously contaminated with magical radiation.
You are flying.
Your maximum health is decreased, since you lack skill for your form.
You are incapable of wielding weapons or throwing items.
You are immune to sickness and miasma.
You are immune to poison.
Your flesh is very heat resistant. (rF++)
You are vulnerable to cold. (rC-)
You float through the air rather than walking.
You learn spells naturally, not from books.
Your magical power is your life essence.
You have superior vitality. (+4 MHP)


Message History

Things that are here:
a +0 dagger; a stone Key pressed, stopping explore.
No target in view!
No target in view!
i - a black potion No target in view!
You see here 3 stones.
You see here 3 stones.
A kobold comes into view. It is wielding a +0 whip.
The kobold shouts!
A kobold is nearby!
Okay, then.
The kobold closely misses you.
You completely miss the kobold. The kobold hits you with a +0 whip.
You hit the kobold.
The kobold begins to glow.
The kobold is severely wounded.
The kobold barely misses you.
You closely miss the kobold.
The kobold is severely wounded.
The kobold hits you but does no damage.
You hit the kobold.
You kill the kobold!
Trog accepts your kill.
No target in view!
No target in view!
j - an amulet of faith Done exploring.
No target in view!
Done exploring.
No target in view!
Done exploring.
No target in view!
Done exploring.
No target in view!
You don't know any spells.
There is a stone staircase leading down here.
There is an empty arch of ancient stone here.
There is a staircase leading out of the dungeon here.
You have escaped!

#####..#♣......8.....###...
#......#..♣.........[.##...
#......#............###....
#......#)...........∩.#...)
#......#............###..##
#......#♣............#...##
#####..#.......♣.....#.....
#..#.............#....#
##.##.B..........##..##
#..##...........∩.....
####...##......♣...##....
##.......#≈........##.....
##........###♣♣######......
#...........####.####......
#..........................
#................####......
#.................###...>..


There were no monsters in sight!

Vanquished Creatures
  A dart slug (D:1)
  An endoplasm (D:1)
  A hobgoblin (D:1)
  4 kobolds (D:1)
  A quokka (D:1)
  A frilled lizard (D:1)
9 creatures vanquished.

Notes
Turn   | Place    | Note
-------+----------+-------------------------------------------
     0 | D:1      | innerfire43 the Djinni Shapeshifter began the quest for the
                  | Orb.
     0 | D:1      | Reached XP level 1. HP: 17/17 MP: 0/0
   130 | D:1      | Found a faded altar of an unknown god.
   147 | D:1      | Reached XP level 2. HP: 15/22 MP: 0/0
   173 | D:1      | Prayed at the altar of an unknown god.
   173 | D:1      | Became a worshipper of Trog the Wrathful
   173 | D:1      | Reached * piety under Trog
   583 | D:$      | Got out of the dungeon alive.

Illustrated notes

Levels and vault maps discovered:
D:1:      nzn_arrival_settlement, layout_rooms,
          shapermc_ecumenical_altar_starsandcircs

Skill      XL: |  1 |
---------------+----+-----
Shapeshifting  | 3 |  3.1
Fighting       | |  1.0
Dodging        | |  2.1
Unarmed Combat | |  3.0

Action                     || total
---------------------------++-------
  Melee: Unarmed           ||    38
 Armour: Animal skin       ||     8
  Dodge: Dodged            ||    23
   Form: Flux              ||     1

Table legend: (Time is in decaauts)
 A = Elapsed time spent in this place.
 B = Non-inter-level travel time spent in this place.
 C = Inter-level travel time spent in this place.
 D = Time resting spent in this place.
 E = Time spent auto-exploring this place.
 F = Levels seen in this place.
 G = Mean time per level.
                   A        B        C        D        E       F      G
               +--------+--------+--------+--------+--------+-----+--------+
         Total |    581 |    519 |     62 |      0 |    436 |   1 |  581.0 |
       Dungeon |    581 |    519 |     62 |      0 |    436 |   1 |  581.0 |
               +--------+--------+--------+--------+--------+-----+--------+

Top non-repeatable levels by time:
     D:1: 581 daAuts
